[Event "Live Chess"]
[Site "Chess.com"]
[Date "2024.06.02"]
[Round "-"]
[White "Karasyov2"]
[Black "Bradfield133"]
[Result "0-1"]
[WhiteElo "1156"]
[BlackElo "1821"]
[TimeControl "300"]
[EndTime "8:32:31 PDT"]
[Termination "Bradfield133 won by resignation"]

1. e4 c5 2. c3 d5 3. exd5 Qxd5 4. Nf3 Bg4 5. Be2 Nc6 6. Na3 Nf6 7. Nc2 Qd7 8. O-O e6 9. d4 cxd4 10. Ncxd4 Nxd4 11.
Nxd4 Bxe2 12. Qxe2 a6 13. Bf4 Be7 14. Rfd1 Qc8 15.
Rd3 Nd5 16. Bg3 O-O 17. h3 Bg5 18. Bh2 Nf4 19. Qg4 Nxd3 20. Qxg5 Qc5 21. Qe3 Nxb2 22.
Rb1 Nc4 23. Qf3 Nd2 24. Qxb7 Nxb1 25. Qxb1 Qxc3 26. Nf3 Rac8 0-1

[Event "Live Chess"]
[Site "Chess.com"]
[Date "2024.06.02"]
[Round "-"]
[White "booktrunk"]
[Black "santhoshrlokesh"]
[Result "0-1"]
[WhiteElo "1483"]
[BlackElo "1472"]
[TimeControl "300"]
[EndTime "8:32:33 PDT"]
[Termination "santhoshrlokesh won by resignation"]

1. d4 d5 2. Nc3 Bf5 3. Bf4 e6 4. Nb5 Na6 5. e3 c6 6. Nc3 Bd6 7. Bxa6 bxa6 8. Bxd6 Qxd6 9. Nf3 Nf6 10. O-O Ne4 11.
Nxe4 Bxe4 12. Ne5 O-O 13. Qg4 c5 14. f4 Rab8 15. b3 cxd4 16. exd4 Bxc2 17. Rf3 Rbc8 18. Rg3 Bg6 19. Nxg6 fxg6 20. Rf1 Rc2 21. Re3 Rf6 22. h4 Rxa2 23. h5 gxh5 24. Qxh5 h6 25. Rff3 Ra1+ 26. Kh2 Rxf4 27. Qe8+ Rf8+ 0-1

[Event "Live Chess"]
[Site "Chess.com"]
[Date "2024.06.02"]
[Round "-"]
[White "DarranAS"]
[Black "bonantagulo"]
[Result "0-1"]
[WhiteElo "1416"]
[BlackElo "2233"]
[TimeControl "300"]
[EndTime "8:32:40 PDT"]
[Termination "bonantagulo won by resignation"]

1. f4 d5 2. Nf3 g6 3. e3 Bg7 4.
Be2 Nh6 5. h3 Nf5 6. O-O Ng3 7.
Re1 c5 8. c3 Nc6 9. Kh2 Nxe2 10. Qxe2 c4 11. d3 cxd3 12. Qxd3 Bf5 13. Qe2 O-O 14. Nbd2 Qc7 15. g4 Bc2 16. Nf1 Be4 17. Ng3 e5 18. Nxe4 dxe4 19. Ng5 Bh6 20. Nxe4 exf4 21.
exf4 Bxf4+ 22. Bxf4 Qxf4+ 23. Kg2 Rfe8 24. Nf6+ Qxf6 25.
Qxe8+ Rxe8 26. Rxe8+ Kg7 27. Rae1 h5 28. R8e4 hxg4 29.
Rxg4 Ne5 30. Rg3 Qc6+ 31. Kf2 Qb6+ 32. Kf1 Qb5+ 33. Kg1 Nd3 34. Re2 Nxb2 35. Rf2 Nd3 36. Rf1 Qc5+ 37. Kh1 Nf2+ 38. Kh2 Ne4 39. Rg2 Qe5+ 40.
Kh1 Ng3+ 0-1

[Event "Live Chess"]
[Site "Chess.com"]
[Date "2024.06.02"]
[Round "-"]
[White "V1nas"]
[Black "joellloyd"]
[Result "0-1"]
[WhiteElo "1322"]
[BlackElo "1869"]
[TimeControl "300"]
[EndTime "8:32:46 PDT"]
[Termination "joellloyd won by resignation"]

1. d4 c6 2. e4 d5 3. Nc3 dxe4 4.
Nxe4 Nf6 5. Nxf6+ exf6 6. Bd3 Bd6 7. Be3 O-O 8. Nf3 Re8 9. O-O Bg4 10. h3 Bh5 11. Be2 Qc7 12. c4 Nd7 13. Qc2 Bg6 14. Bd3 Bxd3 15. Qxd3 c5 16. d5 b6 17. Rad1 Ne5 18. Nxe5 Bxe5 19. b3 Qd6 20. g3 Bxg3 21. f4 Qe7 22. Bf2 Bxf4 23. Rde1 Be5 24. Qf5 g6 25. Qg4 Qd6 26. Kh1 f5 27. Qh4 Bf6 28. Qh6 Bg7 29. Qg5 h6 30. Qd2 Kh7 31. Re2 Re4 32.
Rxe4 fxe4 33. Qe3 Re8 34. Rg1 Bd4 35. Qg3 Be5 36. Qf3 exf3 0-1

[Event "Live Chess"]
[Site "Chess.com"]
[Date "2024.06.02"]
[Round "-"]
[White "Purple1szed"]
[Black "silunn"]
[Result "1-0"]
[WhiteElo "2001"]
[BlackElo "2050"]
[TimeControl "300"]
[EndTime "8:32:47 PDT"]
[Termination "Purple1szed won by checkmate"]

1. e4 e6 2. d4 d5 3. Nd2 Nf6 4. e5 Nfd7 5. Ngf3 c5 6. c3 Nc6 7. Bd3 cxd4 8. cxd4 Qb6 9. O-O Be7 10. h4 Nxd4 11.
Nxd4 Qxd4 12. Nf3 Qb6 13. Bg5 Bc5 14. Rc1 h6 15. Bf4 g5 16. hxg5 hxg5 17. Nxg5 Qb4 18. Qf3 b6 19. a3 Qb3 20. Nxe6 Rb8 21. Nxc5 bxc5 22. e6 fxe6 23. Bxb8 Qxb8 24. Bg6+ Kd8 25. g3 Bb7 26. Qf4 Qxf4 27. gxf4 Rg8 28. f5 exf5 29.
Kh2 Rxg6 30. Rg1 Rh6+ 31. Kg3 Ne5 32. Rcd1 d4 33. Kf4 Nf3 34. Rg8+ Kc7 35. Kxf5 Rh2 36. Rg7+ Kb6 37. Kf4 Rxf2 38. Rg6+ Kb5 39. Kg3 Rxb2 40. Rg7 Bc6 41. Rg8 Ne5 42. Rb8+ Ka6 43. Rxb2 Bb5 44. Re1 Nd3 45. Re6+ Ka5 46. Rh2 c4 47. Rh7 Ka4 48.
Rxa7+ Kb3 49. Rb6 c3 50. Rxb5+ Ka2 51. Rc7 Kxa3 52. Ra7# 1-0

[Event "Live Chess"]
[Site "Chess.com"]
[Date "2024.06.02"]
[Round "-"]
[White "RichardABates"]
[Black "bobby_jamesFischer86"]
[Result "1-0"]
[WhiteElo "2374"]
[BlackElo "1637"]
[TimeControl "300"]
[EndTime "8:33:06 PDT"]
[Termination "RichardABates won by resignation"]

1. d4 d5 2. c4 c6 3. Nf3 Nf6 4. e3 e6 5. Bd3 Be7 6. O-O dxc4 7. Bxc4 b5 8. Bb3 Nbd7 9. Qe2 Nb6 10. e4 a6 11. Bd2 Bb7 12. Ba5 Qc7 13. Nbd2 O-O 14.
Rac1 Nfd7 15. e5 Qd8 16. Ne4 Qe8 17. Bxb6 Nxb6 18. Bc2 Rc8 19. Nc5 Rc7 20. Be4 Bxc5 21. dxc5 Nd5 22. Bxh7+ Kxh7 23. Ng5+ Kg8 24. Qh5 Nf6 25.
exf6 1-0

[Event "Live Chess"]
[Site "Chess.com"]
[Date "2024.06.02"]
[Round "-"]
[White "GerardATHart"]
[Black "upoe610"]
[Result "0-1"]
[WhiteElo "1395"]
[BlackElo "2147"]
[TimeControl "300"]
[EndTime "8:33:14 PDT"]
[Termination "upoe610 won by checkmate"]

1. e4 e5 2. Nf3 Nc6 3. Bb5 a6 4. Ba4 Nf6 5. d3 b5 6. Bb3 Bc5 7. c3 d6 8. h3 h6 9. O-O Ba7 10. Re1 g5 11. Nbd2 g4 12. hxg4 Nxg4 13. Re2 Qf6 14.
Nf1 Rg8 15. Ng3 Nxf2 16. Rxf2 Rxg3 17. Nd4 Qh4 18. Bxf7+ Kd7 19. Be6+ Ke7 20. Nxc6+ Kxe6 21. Nxa7 Rxa7 22. Be3 c5 23. Qd2 Rag7 24. Raf1 R7g6 25. d4 Rh3 26. d5+ Kd7 27. Rf7+ Kd8 28. Rf8+ Kc7 29.
R1f7+ Kb8 30. Rxc8+ Kxc8 31. Rf8+ Kd7 32. Rf7+ Ke8 33. Ra7 Rh1# 0-1

[Event "Live Chess"]
[Site "Chess.com"]
[Date "2024.06.02"]
[Round "-"]
[White "FlyingChessKestrel13"]
[Black "GEMdzq"]
[Result "1/2-1/2"]
[WhiteElo "2079"]
[BlackElo "2269"]
[TimeControl "300"]
[EndTime "8:33:19 PDT"]
[Termination "Game drawn by repetition"]

1. e4 Nf6 2. e5 Nd5 3. d4 d6 4. exd6 cxd6 5. c4 Nf6 6. Nc3 g6 7. Nf3 Bg7 8. Be2 O-O 9. O-O Bf5 10.
Re1 Nc6 11. Bf1 Rc8 12. Bf4 Re8 13. Qa4 Nh5 14. Be3 a5 15. Nb5 Nb4 16. Rac1 Bd3 17. a3 Bxf1 18. Rxf1 Nd3 19. Rc2 e5 20. dxe5 dxe5 21.
Rd1 e4 22. Ne1 Nc5 23. Rxd8 Nxa4 24. Rxe8+ Rxe8 25. b3 Nb2 26. g4 Nd3 27. Nxd3 exd3 28. Rd2 Nf6 29. g5 Ng4 30. Rxd3 Nxe3 31. fxe3 h6 32. gxh6 Bxh6 33. Kf2 Bf8 34. Nd6 Re7 35. Ke2 b6 36. b4 axb4 37. axb4 Ra7 38. c5 bxc5 39.
bxc5 Ra2+ 40. Kf3 Rc2 41. Rd5 f5 42. Kf4 Rc3 43. h4 Rxc5 44. Ke5 Rc3 45. Nxf5 gxf5 46. Kxf5 Rxe3 47. h5 Kh7 48. Kg4 Be7 49. Rb5 Kh6 50. Rb6+ Kh7 51. Rb5 Bf6 52. Kf5 Bg7 53. Rb6 Re5+ 54.
Kg4 Rc5 55. Ra6 Rc4+ 56. Kg5 Rc5+ 57. Kg4 Rc4+ 58. Kg5 Rc1 59. Kg4 Rg1+ 60. Kh4 Bf8 61. Ra7+ Kh6 62. Ra6+ Kh7 63. Ra7+ Bg7 64. Rb7 Rh1+ 65.
Kg4 Rg1+ 66. Kh4 Rh1+ 67. Kg4 Rg1+ 68. Kh4 1/2-1/2

[Event "Live Chess"]
[Site "Chess.com"]
[Date "2024.06.02"]
[Round "-"]
[White "kylet1990"]
[Black "ZatixMajor"]
[Result "0-1"]
[WhiteElo "781"]
[BlackElo "2057"]
[TimeControl "300"]
[EndTime "8:33:35 PDT"]
[Termination "ZatixMajor won by resignation"]

1. e4 c5 2. Bc4 e6 3. f4 a6 4. Nf3 d5 5. exd5 exd5 6. Qe2+ Be7 7. Bd3 Nf6 8. c3 O-O 9. b4 Re8 10. bxc5 Bxc5 11. Ne5 Nc6 12. Kd1 Nxe5 13. fxe5 Bg4 0-1

[Event "Live Chess"]
[Site "Chess.com"]
[Date "2024.06.02"]
[Round "-"]
[White "JohanKjeldahl"]
[Black "beltmanjb"]
[Result "0-1"]
[WhiteElo "1797"]
[BlackElo "1712"]
[TimeControl "300"]
[EndTime "8:33:41 PDT"]
[Termination "beltmanjb won by resignation"]

1. e4 c5 2. Nf3 Nc6 3. d4 cxd4 4.
Nxd4 e5 5. Nb5 d6 6. N1c3 a6 7. Na3 Be7 8. Nd5 Nf6 9. Bd3 Nxd5 10. exd5 Qa5+ 11. Bd2 Qxd5 12. O-O b5 13. Qe2 f5 14. c4 bxc4 15. Bxc4 Qc5 16. Rac1 Nd4 17. Qe3 Qb6 18. Bd5 Bb7 19. Nc4 Qb5 20. a4 Qxd5 21. Qh3 Ne2+ 22.
Kh1 Nxc1 23. Rxc1 O-O 0-1

[Event "Live Chess"]
[Site "Chess.com"]
[Date "2024.06.02"]
[Round "-"]
[White "LL220284LL"]
[Black "AndrewBak1"]
[Result "1-0"]
[WhiteElo "2483"]
[BlackElo "1874"]
[TimeControl "300"]
[EndTime "8:34:03 PDT"]
[Termination "LL220284LL won by checkmate"]

1. Nf3 d5 2. b3 Nf6 3. Bb2 g6 4.
e3 Bg7 5. Be2 O-O 6. O-O Ne4 7.
Bxg7 Kxg7 8. d3 Nf6 9. c4 c6 10.
Nc3 Nbd7 11. Rc1 Nb6 12. d4 Bf5 13. Ne5 Ne4 14. c5 Nd7 15. Nxd7 Qxd7 16. b4 a5 17. b5 Nxc3 18. Rxc3 cxb5 19. Qb3 b4 20. Rcc1 Be6 21. a3 bxa3 22. Qxa3 Rfb8 23. Rb1 Qc6 24. Rb6 Qc7 25. Rfb1 Bc8 26. R1b5 e5 27. Rxa5 Rxa5 28. Qxa5 Qe7 29. Qa7 Qc7 30. h3 exd4 31. exd4 Qf4 32. c6 Qc1+ 33. Bf1 Qf4 34. cxb7 Bf5 35. Rb4 g5 36. Qc5 Be4 37. Qc3 h5 38. Rb6 h4 39. Qc6 g4 40.
hxg4 h3 41. Qd6 h2+ 42. Kh1 Qxf2 43. Qe5+ Kh7 44. Qh5+ Kg7 45. Qh6+ Kg8 46. Kxh2 Qxf1 47. Qg5+ Kh7 48. Rh6# 1-0

[Event "Live Chess"]
[Site "Chess.com"]
[Date "2024.06.02"]
[Round "-"]
[White "willc-h99"]
[Black "HoarseyHorsey"]
[Result "1-0"]
[WhiteElo "2559"]
[BlackElo "1576"]
[TimeControl "300"]
[EndTime "8:34:06 PDT"]
[Termination "willc-h99 won by resignation"]

1. c3 Nf6 2. Qc2 d5 3. d3 Bf5 4. h3 e6 5. g4 Bg6 6. Bg2 c5 7. Nd2 Nc6 8. Ngf3 Bd6 9. e4 dxe4 10. dxe4 Ne5 11. Nxe5 Bxe5 12. Nc4 Bc7 13. f4 b5 14. Na3 O-O 15. O-O Bb6 16. f5 exf5 17. exf5 c4+ 18.
Kh1 a6 19. fxg6 hxg6 20. Bg5 Qd6 21. Rad1 Qc5 22. Bxf6 gxf6 23. Rxf6 Rad8 24. Rdf1 Rd7 25. Qe2 Bc7 26. Nc2 Bg3 27. Nd4 Bh4 28. Rxa6 Rxd4 29. cxd4 Qxd4 30. Qe4 Qd2 31. Ra8 Qxb2 32. Rxf8+ Kxf8 33.
Qxg6 1-0

[Event "Live Chess"]
[Site "Chess.com"]
[Date "2024.06.02"]
[Round "-"]
[White "CarmelJane"]
[Black "Rusty_Bridges"]
[Result "1-0"]
[WhiteElo "2044"]
[BlackElo "1479"]
[TimeControl "300"]
[EndTime "8:34:08 PDT"]
[Termination "CarmelJane won by checkmate"]

1. Nf3 d5 2. c4 dxc4 3. e3 Nf6 4. Bxc4 Nc6 5. O-O Bg4 6. h3 Bh5 7. Bb5 a6 8. Ba4 b5 9. Bb3 e6 10. Nc3 Ne5 11. d4 Nxf3+ 12. gxf3 Be7 13. Ne4 Qd7 14. Ng3 Bg6 15. Bc2 Bxc2 16. Qxc2 O-O 17. a3 Nd5 18. e4 Nf6 19. Bf4 c6 20. Rac1 Rac8 21. Kh2 h6 22. Rg1 Qxd4 23. Be3 Qd6 24. f4 Qd7 25. e5 Nd5 26. Nh5 g6 27. Rxg6+ fxg6 28. Qxg6+ Kh8 29. Qg7# 1-0

[Event "Live Chess"]
[Site "Chess.com"]
[Date "2024.06.02"]
[Round "-"]
[White "uselessduffer"]
[Black "Inglaterra"]
[Result "1-0"]
[WhiteElo "2375"]
[BlackElo "2047"]
[TimeControl "300"]
[EndTime "8:34:13 PDT"]
[Termination "uselessduffer won by resignation"]

1. e4 e5 2. Nf3 Nc6 3. Bb5 a6 4.
Ba4 Nf6 5. O-O Be7 6. Re1 b5 7.
Bb3 d6 8. c3 O-O 9. d4 Bg4 10.
Be3 exd4 11. cxd4 d5 12. e5 Ne4 13. h3 Bh5 14. Nc3 Nxc3 15. bxc3 Na5 16. Bc2 Nc4 17. Bc1 Qd7 18. g4 Bg6 19. Kg2 f6 20. e6 Qc6 21. Nh4 Bxc2 22. Qxc2 Rae8 23. f3 Bd8 24. Qe2 g6 25. Bh6 f5 26. Bxf8 Bxh4 27. Bc5 Bxe1 28. Rxe1 Nd6 29. Qe5 Nb7 30. Qf6 Nxc5 31. Qf7+ Kh8 32.
dxc5 fxg4 33. hxg4 a5 34. e7 1-0

[Event "Live Chess"]
[Site "Chess.com"]
[Date "2024.06.02"]
[Round "-"]
[White "Queensandpawns"]
[Black "ProfPoisson"]
[Result "1-0"]
[WhiteElo "2245"]
[BlackElo "1352"]
[TimeControl "300"]
[EndTime "8:34:21 PDT"]
[Termination "Queensandpawns won on time"]

1. e4 e5 2. d4 exd4 3. c3 dxc3 4. Bc4 cxb2 5. Bxb2 d5 6. Bxd5 Nf6 7. Bxf7+ Kxf7 8.
Qxd8 Bb4+ 9. Qd2 Bxd2+ 10. Nxd2 Nc6 11. e5 Nd5 12. Ngf3 Ncb4 13. O-O Re8 14. a3 Nd3 15. Rab1 Nxb2 16. Rxb2 Kg8 17. Ne4 c6 18. Nd6 Rf8 19.
Nxc8 Raxc8 20. Rxb7 Ra8 21. Rc1 Rfb8 22. Rxb8+ Rxb8 23.
h3 Rb3 24. Rxc6 Rxa3 25. e6 Ne7 26. Rc7 Kf8 27. Rb7 g6 28. Nd4 Ra4 29. Nb5 Re4 30.
Nc7 a5 31. Rb8+ Kg7 32. Rb7 Kf6 33. f3 Re1+ 34. Kf2 Ra1 35. g4 a4 36. g5+ Kf5 37. Rb5+ Kf4 38. Rb4+ Ke5 39. Ke3 Kd6 40. Rb7 a3 41. Nb5+ Kxe6 42. Nd4+ Kd6 43. Ra7 a2 44. Nc2 Nd5+ 45. Kd2 Rf1 46. Rxa2 Rxf3 47. Ra6+ Ke5 48. Ne1 Rxh3 49. Nd3+ Kf5 50. Ra5 Kxg5 51. Rxd5+ Kg4 52. Rd7 Rh2+ 53. Ke3 Rh3+ 54. Ke4 1-0

[Event "Live Chess"]
[Site "Chess.com"]
[Date "2024.06.02"]
[Round "-"]
[White "nitrofish07"]
[Black "FREDERICKtheMATE"]
[Result "0-1"]
[WhiteElo "2098"]
[BlackElo "2663"]
[TimeControl "300"]
[EndTime "8:34:25 PDT"]
[Termination "FREDERICKtheMATE won by resignation"]

1. d4 d5 2. c4 c6 3. Nf3 Nf6 4. g3 e6 5. Bg2 dxc4 6. O-O b5 7. Ne5 Bb7 8. a4 a6 9. b3 cxb3 10. Qxb3 Qxd4 11. Bb2 Qb6 12. Nc3 Be7 13. Nc4 Qc7 14.
axb5 axb5 15. Rxa8 Bxa8 16. Nxb5 cxb5 17. Qxb5+ Nc6 18.
Ne5 O-O 19. Nxc6 Bd6 20. Bxf6 gxf6 21. Nd4 Rb8 22. Qd3 Bxg2 23. Kxg2 Be5 24. Nf3 Rd8 25.
Qe4 Bd6 26. Rb1 Rb8 27. Rxb8+ Qxb8 28. e3 f5 29. Qd4 h6 30. h4 Bf8 31. Qe5 Qd8 32. Qd4 Qe7 33. Qf4 Bg7 34. Qb8+ Kh7 35. Qb1 Qc7 36. Qd3 Qc6 37. g4 Bf6 38. gxf5 e5 39. e4 Qe8 40. Qd5 Qg8+ 41. Kf1 Qg7 42.
Ke2 Kg8 43. Qa8+ Kh7 44. Qd5 Kh8 45. Qa8+ Kh7 46. Qa1 Qg4 47. Qa7 Qxe4+ 48. Qe3 Qxf5 49. Qb3 Kg7 50. Qe3 Qg4 51. Kf1 Qf5 52. Ke2 h5 53. Ke1 Kg6 54. Ke2 Bg7 55. Qb6+ f6 56. Qe3 Qg4 57. Ke1 Bh6 58. Qe2 e4 59. Nd2 Qxe2+ 60. Kxe2 Bxd2 61. Kxd2 Kf5 62. Ke3 Ke5 63. f4+ exf3 64.
Kxf3 Kf5 65. Kg3 Ke4 66. Kf2 Kf4 67. Kg2 Kg4 68. Kh2 Kxh4 0-1

[Event "Live Chess"]
[Site "Chess.com"]
[Date "2024.06.02"]
[Round "-"]
[White "KyryloPoluliakh"]
[Black "goldinspiredphoenix"]
[Result "1-0"]
[WhiteElo "1527"]
[BlackElo "1460"]
[TimeControl "300"]
[EndTime "8:34:47 PDT"]
[Termination "KyryloPoluliakh won by checkmate"]

1. c4 e5 2. Nc3 Nf6 3. g3 Bc5 4. Bg2 Nc6 5. e3 d6 6. Nge2 Ne7 7. d4 exd4 8. exd4 Bb4 9. O-O O-O 10. a3 Bxc3 11. Nxc3 c6 12. b4 Ng6 13. Ne4 d5 14. Nxf6+ gxf6 15. cxd5 cxd5 16. Qb3 Be6 17. Bh6 Re8 18.
Rfe1 Qb6 19. Be3 Rac8 20. Bxd5 Qd6 21. Bxe6 fxe6 22. Rac1 Rxc1 23. Rxc1 Kf7 24. Qc3 b6 25. Qc7+ Re7 26. Qxd6 Rb7 27. Rc7+ Rxc7 28. Qxc7+ Ne7 29. d5 exd5 30. Bf4 Ke6 31. Qd6+ Kf7 32. Qd7 Kf8 33. Bd6 Kg8 34. Qxe7 d4 35. Qf8# 1-0

[Event "Live Chess"]
[Site "Chess.com"]
[Date "2024.06.02"]
[Round "-"]
[White "f4nomore"]
[Black "ukraineZelensky"]
[Result "1-0"]
[WhiteElo "1293"]
[BlackElo "1242"]
[TimeControl "300"]
[EndTime "8:34:48 PDT"]
[Termination "f4nomore won on time"]

1. c4 e5 2. Nc3 c6 3. d3 d5 4.
cxd5 cxd5 5. g3 d4 6. Ne4 Bb4+ 7.
Bd2 Bxd2+ 8. Qxd2 Nf6 9. Bg2 Nxe4 10. Bxe4 Nc6 11. Nf3 O-O 12. O-O Bd7 13. Bxc6 Bxc6 14.
Nxe5 Qd5 15. Nf3 Rfe8 16. Rac1 Bd7 17. Rc7 Bg4 18. Qf4 Bxf3 19. exf3 Rf8 20. Kg2 Rac8 21. Rfc1 Rxc7 22. Rxc7 a6 23. Rc4 b5 24. Rxd4 Qxa2 25. Rb4 Qe6 26. b3 Rd8 27. d4 Qd5 28. Qc7 Ra8 29.
Qc5 Qd7 30. d5 Rb8 31. Re4 Rc8 32. Qe3 h6 33. Rd4 Qd6 34. Qd3 b4 35. Qf5 Re8 36. Rf4 Re7 37. Qc8+ Kh7 38. Qf5+ g6 39. Qd3 f5 40. Qd4 Re5 41. g4 1-0

[Event "Live Chess"]
[Site "Chess.com"]
[Date "2024.06.02"]
[Round "-"]
[White "MagnersCarlsberg2870"]
[Black "OliWally08"]
[Result "1-0"]
[WhiteElo "1754"]
[BlackElo "1287"]
[TimeControl "300"]
[EndTime "8:34:58 PDT"]
[Termination "MagnersCarlsberg2870 won by checkmate"]

1. d4 Nf6 2. Nf3 e6 3. e3 d5 4. Bd3 b6 5. Nbd2 Bb7 6. Qe2 Bd6 7. O-O O-O 8. c3 c5 9. e4 cxd4 10. e5 dxc3 11. bxc3 Be7 12. exf6 Bxf6 13. Bb2 Qc7 14. Nb3 Nd7 15. Rac1 b5 16. h4 a6 17. Ng5 Bxg5 18. hxg5 Qc6 19. Qh5 g6 20. Qh6 d4 21. f3 dxc3 22. Rxc3 Qb6+ 23. Kh1 Kh8 24. Rc6+ Qd4 25. Bxd4+ e5 26. Bxe5+ Nxe5 27. Rc3 Nxd3 28. Rxd3 Rfd8 29. Rfd1 Rxd3 30. Rxd3 Rg8 31. Rd7 Rg7 32. Rd8+ Rg8 33. Rd7 Rg7 34. Rxb7 a5 35. Rb8+ Rg8 36. Rxg8+ Kxg8 37. Nc5 f6 38. gxf6 Kf7 39. Qg7+ Ke8 40. Qe7# 1-0

[Event "Live Chess"]
[Site "Chess.com"]
[Date "2024.06.02"]
[Round "-"]
[White "friarnator"]
[Black "stevochess11"]
[Result "1-0"]
[WhiteElo "2203"]
[BlackElo "1698"]
[TimeControl "300"]
[EndTime "8:35:03 PDT"]
[Termination "friarnator won by resignation"]

1. d4 c6 2. Nc3 d5 3. Bf4 f6 4. e3 g6 5. h4 h5 6. Bd3 Kf7 7. Qf3 Bg4 8. Qg3 Nh6 9. f3 Bf5 10. Bxh6 Bxd3 11. Bxf8 Bxc2 12. Bxe7 Qxe7 13. Kd2 Bf5 14.
Nge2 Re8 15. Qf2 Nd7 16. Rae1 Nb6 17. Kc1 Nc4 18. e4 Qb4 19. Ng3 dxe4 20. fxe4 Bg4 21. Rhf1 Kg8 22. a3 Qb3 23. Qc2 Qa2 24. Nxa2 1-0

[Event "Live Chess"]
[Site "Chess.com"]
[Date "2024.06.02"]
[Round "-"]
[White "kylet1990"]
[Black "LL220284LL"]
[Result "0-1"]
[WhiteElo "781"]
[BlackElo "2483"]
[TimeControl "300"]
[EndTime "8:35:11 PDT"]
[Termination "LL220284LL won by resignation"]

1. e4 c5 2. Qh5 e6 3. Qxc5 Bxc5 4. Ba6 Nxa6 5. b4 Nxb4 6. Ba3 Nxc2+ 7. Ke2 Nxa3 8. Nf3 Nc2 9. Ne5 Nxa1 10. Nxf7 Kxf7 11. Kf3 Qa5 0-1

[Event "Live Chess"]
[Site "Chess.com"]
[Date "2024.06.02"]
[Round "-"]
[White "lateforthesky"]
[Black "elephantgerrald"]
[Result "1-0"]
[WhiteElo "2072"]
[BlackElo "871"]
[TimeControl "300"]
[EndTime "8:35:17 PDT"]
[Termination "lateforthesky won by checkmate"]

1. e4 e5 2. f4 exf4 3. Bc4 Nf6 4. Nc3 Bc5 5. d4 Bb4 6. Qd3 Bxc3+ 7. bxc3 O-O 8.
Bxf4 d6 9. O-O-O Nc6 10. Nf3 a5 11. Rhf1 b6 12. Bg5 Bg4 13. h3 Bxf3 14. Qxf3 Qd7 15.
Bxf6 d5 16. Qg3 g6 17. exd5 Nb8 18. Qh4 b5 19. Qh6 Qxh3 20. Qg7# 1-0

[Event "Live Chess"]
[Site "Chess.com"]
[Date "2024.06.02"]
[Round "-"]
[White "McFim"]
[Black "dmitro74"]
[Result "1/2-1/2"]
[WhiteElo "1819"]
[BlackElo "1745"]
[TimeControl "300"]
[EndTime "8:35:24 PDT"]
[Termination "Game drawn by agreement"]

1. e4 e6 2. d4 d5 3. e5 c5 4. c3 Qb6 5. Nf3 Bd7 6. Be2 Bb5 7.
O-O Bxe2 8. Qxe2 Nc6 9. Be3 cxd4 10. cxd4 Nge7 11. Na3 Nf5 12. Rfd1 Nxe3 13. fxe3 Bxa3 14. bxa3 O-O 15. Rab1 Qc7 16. Rdc1 Qd7 17. Rb2 b6 18. Rbc2 Rfc8 19. Ne1 Na5 20. Nd3 Nc4 21. Rc3 Rc7 22.
Nb2 Rac8 23. Nxc4 b5 24. Qb2 bxc4 25. Rb1 g6 26. Qb5 Qxb5 27. Rxb5 Rd8 28. Kf2 Rdd7 29. a4 Rb7 30. Ke2 a6 31. Rxb7 Rxb7 32. Kd2 Rb2+ 33.
Rc2 Rxc2+ 34. Kxc2 a5 35. g4 g5 36. Kc3 Kg7 37.
e4 Kg6 38. h3 h5 39. exd5 exd5 40. Kd2 hxg4 41. hxg4 f5 42. exf6 Kxf6 43. Kc3 Ke6 44. Kc2 Kd6 45. Kc3 1/2-1/2

[Event "Live Chess"]
[Site "Chess.com"]
[Date "2024.06.02"]
[Round "-"]
[White "Pablo_dmp"]
[Black "Zhevzh1k7"]
[Result "1-0"]
[WhiteElo "1985"]
[BlackElo "1128"]
[TimeControl "300"]
[EndTime "8:35:26 PDT"]
[Termination "Pablo_dmp won by checkmate"]

1. e4 c6 2. d4 d5 3. Nc3 dxe4 4. Nxe4 Bf5 5. Ng3 Bg6 6. Bc4 Nd7 7. N1e2 Ngf6 8.
O-O e6 9. Nf4 Bd6 10. Nxg6 hxg6 11. f4 Qc7 12. c3 Nd5 13. Qg4 b5 14. Bb3 a5 15. a4 bxa4 16. Bxa4 Be7 17. Bd2 Rh4 18.
Qf3 Bf6 19. Ne4 Ke7 20. g3 Rh5 21. b3 Rah8 22. Rf2 N7b6 23. Qd3 Nxa4 24. Rxa4 g5 25. c4 gxf4 26. cxd5 exd5 27. Nxf6 gxf6 28. Bxf4 Qb6 29.
Re2+ Kd7 30. Qe3 Qd8 31. b4 axb4 32. Ra7+ Kc8 33. Ra8+ Kd7 34. Rxd8+ Rxd8 35. Qe7+ Kc8 36. Qc7# 1-0

[Event "Live Chess"]
[Site "Chess.com"]
[Date "2024.06.02"]
[Round "-"]
[White "NottheBishopSacrifice"]
[Black "davigator"]
[Result "1-0"]
[WhiteElo "2354"]
[BlackElo "2336"]
[TimeControl "300"]
[EndTime "8:35:38 PDT"]
[Termination "NottheBishopSacrifice won by resignation"]

1. d4 Nf6 2. Nf3 e6 3. c4 Bb4+ 4. Bd2 a5 5. a3 Be7 6. Nc3 d5 7.
Bf4 c6 8. e3 O-O 9. Be2 b6 10.
O-O Ba6 11. cxd5 Bxe2 12. Qxe2 exd5 13. Ne5 Ra7 14. Rac1 Bd6 15. Rfd1 h6 16. Nd3 Re7 17. Bxd6 Qxd6 18. Qf3 Ne4 19. h3 Nd7 20. b4 axb4 21.
axb4 b5 22. Nc5 Ndf6 23. N3xe4 dxe4 24. Qe2 Nd5 25. Qb2 f5 26. Re1 Rf6 27. f4 exf3 28.
Kh1 fxg2+ 29. Qxg2 Nxe3 30. Qh2 Qxd4 31. Rcd1 Nxd1 32.
Rxe7 f4 33. Qg2 g5 34. Qc2 Rf7 35. Qg6+ Qg7 36. Re8+ Rf8 37. Rxf8+ Kxf8 38. Ne6+ Ke7 39. Nxg7 Ne3 40. Nf5+ Nxf5 41. Qxf5 1-0

[Event "Live Chess"]
[Site "Chess.com"]
[Date "2024.06.02"]
[Round "-"]
[White "santhoshrlokesh"]
[Black "NeilDruggan73"]
[Result "1-0"]
[WhiteElo "1516"]
[BlackElo "1716"]
[TimeControl "300"]
[EndTime "8:35:43 PDT"]
[Termination "santhoshrlokesh won by resignation"]

1. d4 Nf6 2. Bg5 g6 3. e3 Bg7 4. Bd3 d5 5. Nf3 Ne4 6. Nbd2 h6 7. Bh4 g5 8. Bg3 f5 9. Bxe4 fxe4 10. Ne5 O-O 11. h4 e6 12. hxg5 Qxg5 13. Qe2 Bxe5 14.
Bxe5 Qxg2 15. O-O-O Rxf2 16. Qb5 c6 17. Qb3 Kf7 18. Rhg1 Qh2 19. Rg7+ Ke8 20. Bxh2 Rxh2 21. Qb4 1-0

[Event "Live Chess"]
[Site "Chess.com"]
[Date "2024.06.02"]
[Round "-"]
[White "degringolade64"]
[Black "halfberg"]
[Result "1-0"]
[WhiteElo "2083"]
[BlackElo "1891"]
[TimeControl "300"]
[EndTime "8:35:44 PDT"]
[Termination "degringolade64 won by resignation"]

1. e4 c5 2. Nf3 Nc6 3. Bb5 g6 4. Bxc6 dxc6 5. d3 Bg7 6. h3 e6 7. O-O Ne7 8. Be3 b6 9. Qc1 O-O 10. Bh6 Ba6 11. Bxg7 Kxg7 12. Nc3 c4 13. d4 Qc7 14.
Qe3 Rad8 15. Rad1 Bb7 16. Rfe1 b5 17. Ne5 c5 18. Ng4 cxd4 19. Qh6+ Kh8 20. Nf6 1-0

[Event "Live Chess"]
[Site "Chess.com"]
[Date "2024.06.02"]
[Round "-"]
[White "missedJariChance"]
[Black "Plimsol"]
[Result "0-1"]
[WhiteElo "1365"]
[BlackElo "2393"]
[TimeControl "300"]
[EndTime "8:35:53 PDT"]
[Termination "Plimsol won by resignation"]

1. b3 e6 2. Bb2 Nf6 3. e3 b6 4.
Nf3 Bb7 5. Be2 g6 6. O-O Bg7 7. c4 O-O 8. d4 d5 9. cxd5 Nxd5 10. Nbd2 Nd7 11. Rc1 c5 12. Nc4 Qe7 13. dxc5 Bxb2 14. Nxb2 Nxc5 15. Nc4 Rac8 16. Nfe5 Rfd8 17. Bf3 Nxe3 18.
Qe2 Nxf1 19. Rxf1 f6 20. Bxb7 Qxb7 21. Ng4 Kg7 22. Qe3 g5 23. Qc3 Ne4 24. Qh3 h5 25. Qxh5 Rh8 0-1

[Event "Live Chess"]
[Site "Chess.com"]
[Date "2024.06.02"]
[Round "-"]
[White "TheSmoulderingMaster"]
[Black "CheckThis4"]
[Result "0-1"]
[WhiteElo "1786"]
[BlackElo "2679"]
[TimeControl "300"]
[EndTime "8:35:53 PDT"]
[Termination "CheckThis4 won by resignation"]

1. e4 d5 2. exd5 c6 3. dxc6 Nxc6 4. Nf3 e5 5. Bb5 Bd6 6. d3 Ne7 7. h3 O-O 8. O-O f5 9. Bg5 Kh8 10. Re1 h6 11. Bxe7 Qxe7 12. Bxc6 bxc6 13. Nd4 Qf6 14. Nxc6 Bb7 15. Na5 Bd5 16. Nc3 Bf7 17. Nc4 Bc7 18.
Qf3 e4 19. dxe4 Bxc4 20. exf5 Qxf5 21. Qxf5 Rxf5 22. Re7 Bb6 23. Ne4 Bd5 24. Rf1 Raf8 25. Nd6 Rxf2 26. Rxf2 Rxf2 27. Re8+ Kh7 28. Ne4 Rf8+ 0-1